 Dungeon Crawl Stone Soup version 0.24.0-123-gd5b16e6ec5 (webtiles) character file.

Game seed: 8953082523307768693, levelgen mode: deterministic

1574 LordRappington the Basher (level 8, -1/46 HPs)
             Began as a Gargoyle Fighter on Jan 17, 2020.
             Killed from afar by an orc wizard (5 damage)
             ... with a magic dart
             ... on level 5 of the Dungeon.
             The game lasted 00:15:04 (4645 turns).

LordRappington the Basher (Gargoyle Fighter)        Turns: 4645, Time: 00:15:05

Health: -1/46      AC: 17    Str: 26    XL:     8   Next: 90%
Magic:  8/8        EV:  6    Int: 10    God:
Gold:   334        SH:  9    Dex:  9    Spells: 7/7 levels left

rFire    + . .     SeeInvis .   z - +0 morningstar
rCold    . . .     Gourm    .   c - +0 shield
rNeg     + . .     Faith    .   t - +0 chain mail
rPois    ∞         Spirit   .   (no helmet)
rElec    +         Reflect  .   (no cloak)
rCorr    .         Harm     .   j - +2 pair of gloves
MR       .....                  (no boots)
Stlth    ..........             (no amulet)
HPRegen  0.15/turn              l - ring of protection from cold
MPRegen  0.11/turn              n - ring of fire

@: mighty
A: negative energy resistance 1, electricity resistance, unbreathing,
petrification resistance, rot immunity, AC +5
a: no special abilities


You were on level 5 of the Dungeon.
You were hungry.

You visited 1 branch of the dungeon, and saw 6 of its levels.

You collected 334 gold pieces.

Inventory:

Hand Weapons
 z - a +0 morningstar (weapon)
Missiles
 i - 4 javelins
 r - 9 boomerangs (quivered)
Armour
 c - a +0 shield (worn)
 j - a +2 pair of gloves (worn)
 t - a +0 chain mail (worn)
Jewellery
 l - a ring of protection from cold (left hand)
 n - a ring of fire (right hand)
 y - an uncursed ring of stealth {unknown}
 F - a +2 ring of evasion {unknown}
Wands
 v - a wand of disintegration (18)
 A - a wand of polymorph (5)
Scrolls
 g - 4 scrolls of remove curse
 h - 4 scrolls of enchant weapon
 p - 4 scrolls of identify
 q - a scroll of magic mapping {unknown}
 s - 5 scrolls of teleportation
 w - 2 scrolls of amnesia
 x - a scroll of blinking
 B - 4 scrolls of enchant armour
 D - a scroll of fear {unknown}
 E - 2 scrolls of fog {unknown}
Potions
 a - 2 potions of brilliance {unknown}
 b - a potion of agility {unknown}
 e - a potion of cancellation
 k - 3 potions of curing
 m - 2 potions of flight
 o - 2 potions of lignification
 u - a potion of mutation
 C - a potion of magic {unknown}
Comestibles
 f - 11 rations


   Skills:
 - Level 3.2 Fighting
 * Level 10.9 Maces & Flails
 - Level 3.2 Armour
 - Level 3.2 Shields


You had 7 spell levels left.
You didn't know any spells.
Your spell library was empty.

Dungeon Overview and Level Annotations

Branches:
Dungeon (6/15)             Temple (0/1) D:5

Altars:
Elyvilon
Fedhas
Nemelex Xobeh
Qazlal
The Shining One

Shops:
D:6 (


Innate Abilities, Weirdness & Mutations

You are resistant to torment.
Your stone body is resilient. (AC +5)
You are immune to poison.
You resist negative energy. (rN+)
You are resistant to electric shocks. (rElec)
You can survive without breathing.
You are immune to petrification.
You are immune to rotting.


Message History

The orc wizard mumbles some strange words.
The orc wizard seems to speed up.
The orc wizard casts a spell at you.
The magic dart hits you but does no damage.
There is a stone staircase leading up here.
You climb upwards.
The orc wizard shouts!
The orc priest shouts!
The orc shouts! x2
You block the orc's attack.
The orc wizard gestures wildly while chanting.
The orc wizard blinks!
The orc hits you but does no damage. x2
A worker ant zombie comes into view.
The orc barely misses you.
The orc wizard gestures wildly while chanting.
The orc wizard seems to speed up.
Found a staircase to the Ecumenical Temple.
There is a stone staircase leading down here.
You feel very mighty all of a sudden.
The orc wizard points at you and mumbles some strange words.
The magic dart hits you.
You die...

#............#..#.≈≈.#
#.##########.#..#.≈≈.#
#.# #.#..#.≈≈.# #.#
#.#..'.≈≈.# #.#
#.#'##.≈≈.# #.#######
#.#.[#.≈≈.#
#.#8...8####.#.8#.≈≈.#
#.#.o.§.#.##.#.##.≈≈.#
#.#.o@o.#.##.#.##.≈≈.#
#.#...o.#....#.##.≈≈.#
#.#.⌠o⌠.####.#..#.≈≈.#
#.#.....# #.#.8#.≈≈.#
#.#.⌠.⌠.# #.#.##.≈≈.#
#.#.....# #.#.##.≈≈.#
#.#..>..# #.#.##.≈≈.#
###.Z...# #.#.)#.≈≈.#
#.#.8#.≈≈.#


You could see an orc priest, an orc wizard, 3 orcs and a worker ant zombie.

Vanquished Creatures
  Duvessa (D:5)
  An ogre (D:6)
  A sky beast (D:5)
  An ice beast (D:5)
  2 phantoms
  2 bullfrogs (D:6)
  Dowan (D:5)
  A scorpion (D:3)
  A crimson imp (D:6)
  A bullfrog zombie (D:5)
  3 hounds
  2 orc priests
  A centaur skeleton (D:4)
  3 jellies
  3 orc wizards (D:5)
  A bullfrog skeleton (D:6)
  6 worker ants
  A worker ant zombie (D:6)
  3 gnolls (D:3)
  6 adders
  A shadow imp (D:6)
  3 oozes
  An adder zombie (D:5)
  An adder skeleton (D:5)
  A worm (D:4)
  A dart slug (D:3)
  3 leopard geckos
  13 orcs
  2 ball pythons
  2 giant cockroaches
  13 goblins
  9 hobgoblins
  6 jackals
  5 quokkas
  7 bats
  10 frilled lizards
  9 kobolds
  2 quokka skeletons
  4 rats
134 creatures vanquished.

Vanquished Creatures (others)
  An orc wizard (D:6)
1 creature vanquished.

Grand Total: 135 creatures vanquished

Notes
Turn   | Place    | Note
-------+----------+-------------------------------------------
     0 | D:1      | LordRappington the Gargoyle Fighter began the quest for the
                  | Orb.
     0 | D:1      | Reached XP level 1. HP: 14/14 MP: 1/1
   109 | D:1      | Reached XP level 2. HP: 18/19 MP: 2/2
   352 | D:1      | Reached skill level 3 in Maces & Flails
   451 | D:2      | Reached XP level 3. HP: 23/23 MP: 3/3
   543 | D:2      | Found a white marble altar of Elyvilon.
   640 | D:2      | Reached skill level 4 in Maces & Flails
   763 | D:2      | Found a blossoming altar of Fedhas.
   886 | D:2      | Found a glowing golden altar of the Shining One.
  1046 | D:3      | Reached XP level 4. HP: 22/28 MP: 4/4
  1655 | D:3      | Reached skill level 5 in Maces & Flails
  1655 | D:3      | Reached XP level 5. HP: 13/32 MP: 5/5
  2132 | D:4      | Reached skill level 6 in Maces & Flails
  2132 | D:4      | Reached XP level 6. HP: 37/37 MP: 6/6
  2690 | D:4      | Reached skill level 7 in Maces & Flails
  2713 | D:4      | Noticed a phantom
  2731 | D:4      | Killed a phantom
  2731 | D:4      | Reached XP level 7. HP: 41/41 MP: 7/7
  3062 | D:5      | Entered Level 5 of the Dungeon
  3135 | D:5      | Reached skill level 8 in Maces & Flails
  3241 | D:5      | Noticed Duvessa
  3241 | D:5      | Noticed Dowan
  3250 | D:5      | Killed Duvessa
  3256 | D:5      | Killed Dowan
  3296 | D:5      | Reached skill level 9 in Maces & Flails
  3296 | D:5      | Reached XP level 8. HP: 44/46 MP: 8/8
  3900 | D:5      | Reached skill level 10 in Maces & Flails
  4199 | D:6      | Found a stormy altar of Qazlal.
  4305 | D:6      | Found a sparkling altar of Nemelex Xobeh.
  4438 | D:6      | Found Raklyepp's Antique Weapon Shop.
  4625 | D:6      | HP: 1/46 [orc wizard/puff of frost (9)]
  4644 | D:5      | Found a staircase to the Ecumenical Temple.
  4645 | D:5      | Killed from afar by an orc wizard

Levels and vault maps discovered:
D:1:      elethiomel_arrival_shortcut, layout_rooms
D:2:      layout_loops_ring, fedhas_altar_2, marbit_many_paths,
          old_standard_altar, first_ration, minmay_misc_feat_more_columns
D:3:      cheibrodos_greedy_goblins, layout_loops_ring
D:4:      minmay_chambers_of_twos, layout_loops_ring
D:5:      wad_river_or_something, layout_basic,
          minmay_temple_entry_from_below_b, uniq_duvessa
D:6:      layout_loops_corners, nemelex_xobeh_ov_fountains_minmay,
          old_standard_altar, serial_shops, nicolae_shop_waterfront

Skill      XL: |  1  2  3  4  5  6  7  8 |
---------------+-------------------------+-----
Maces & Flails | 3 4 5 6 7 9 10 | 10.9
Fighting       | |  3.2
Armour         | |  3.2
Shields        | |  3.2

Action                   |  1- 3 |  4- 6 |  7- 9 || total
-------------------------+-------+-------+-------++-------
Melee: Flail             |   158 |   282 |   111 ||   551
       Morningstar       |       |       |    97 ||    97
  Use: Scroll            |       |    12 |       ||    12
       Potion            |       |       |     1 ||     1
  Eat: Chunk             |       |     7 |     2 ||     9
       Ration            |       |       |     1 ||     1
Armor: Scale mail        |   103 |   119 |       ||   222
       Chain mail        |       |    37 |   122 ||   159
Dodge: Dodged            |    58 |    85 |    29 ||   172
Block: Shield            |    90 |   156 |   101 ||   347
